 Dungeon Crawl Stone Soup version 0.23.2-1-ga50397a (webtiles) character file.

Game seed: 9907852952560519242

92 sankara the Chopper (level 4, 41/41 HPs)
             Began as a Hill Orc Monk on May 12, 2019.
             Was an Initiate of Ru.
             Got out of the dungeon alive.
             The game lasted 00:07:08 (1292 turns).

sankara the Chopper (Hill Orc Monk)                 Turns: 1292, Time: 00:07:09

Health: 41/41      AC:  3    Str: 14    XL:     4   Next: 60%
Magic:  4/4        EV: 13    Int: 10    God:    Ru [......]
Gold:   51         SH:  0    Dex: 13    Spells: 3/3 levels left

rFire    . . .     SeeInvis .   a - +0 hand axe
rCold    . . .     Gourm    .   (no shield)
rNeg     . . .     Faith    .   b - +0 robe
rPois    .         Spirit   .   r - +0 helmet
rElec    .         Reflect  .   (no cloak)
rCorr    .         Harm     .   (no gloves)
MR       .....                  (no boots)
Stlth    ..........             l - amulet of regeneration {+regen, !d}
HPRegen  0.53/turn              (no ring)
MPRegen  0.09/turn              (no ring)

@: no status effects
A: no stealth
a: Renounce Religion


You escaped.
You worshipped Ru.
Ru was noncommittal.
You were not hungry.

You visited 1 branch of the dungeon, and saw 2 of its levels.

You collected 51 gold pieces.

Inventory:

Hand Weapons
 a - a +0 hand axe (weapon)
Missiles
 o - 41 stones (quivered)
 p - 27 sling bullets
Armour
 b - a +0 robe (worn)
 i - a +1 hat
   (You found it on level 1 of the Dungeon)
 r - a +0 helmet (worn)
   (You found it on level 1 of the Dungeon)
Jewellery
 l - an amulet of regeneration (around neck) {+regen, !d}
   (You found it on level 1 of the Dungeon)
Scrolls
 d - 2 scrolls of teleportation {unknown}
 e - a scroll of blinking {unknown}
 h - 3 scrolls of remove curse {unknown}
 n - a scroll of random uselessness {unknown}
 q - 2 scrolls of identify {unknown}
 t - a scroll of enchant weapon {unknown}
Potions
 g - a potion of haste {unknown}
 j - a potion of degeneration {unknown}
 k - a potion of berserk rage {unknown}
 m - 2 potions of might {unknown}
 s - a potion of curing {unknown}
Comestibles
 c - 3 rations
 f - 7 chunks of flesh {@w0}


   Skills:
 + Level 4.6 Fighting
 * Level 6.2 Axes
 - Level 2.4 Dodging


You had 3 spell levels left.
You didn't know any spells.
Your spell library was empty.

Dungeon Overview and Level Annotations

Branches:
Dungeon (2/15)

Altars:
Gozag
Ru
Sif Muna
Wu Jian


Innate Abilities, Weirdness & Mutations

You cannot be stealthy.


Message History

Some of the chunks of flesh in your inventory have rotted away.
You see here a rat corpse.
You butcher the rat corpse.
f - 11 chunks of flesh {@w0} (gained 1)
You see here a rat skeleton.
There is a sacrificial altar of Ru here.
There is an ornate altar of the Wu Jian Council here.
You kneel at the altar of Wu Jian.
Unknown command.
Press < or > to pray at altars.
Unknown command.
Press < or > to pray at altars.
Welcome back, sankara the Hill Orc Monk.
Press ? for a list of commands and other information.
There is a sacrificial altar of Ru here.
You kneel at the altar of Ru.
Ru welcomes you!
Some of the chunks of flesh in your inventory have rotted away.
Ru believes you are ready to make a new sacrifice.
Ru asks you to sacrifice your ability to go unnoticed.
This is a modest sacrifice.
Piety after sacrifice: ......
Do you really want to make this sacrifice?
You can no longer be stealthy.
Your Stealth skill decreases to level 0!
(D) Dungeon
Where to? (? - help)
A hobgoblin comes into view. It is wielding a +0 club.
The hobgoblin shouts!
Some of the chunks of flesh in your inventory have rotted away.
(D) Dungeon
Where to? (Enter - D:1, ? - help)
A hobgoblin is nearby!
An adder comes into view.
The hobgoblin barely misses you.
A worm comes into view.
You hit the hobgoblin.
You kill the hobgoblin!
Things that are here:
a +0 club; a hobgoblin corpse The adder bites you but does no damage.
You hit the adder.
The adder is heavily wounded.
The adder closely misses you.
You barely miss the adder.
The adder is heavily wounded.
The adder barely misses you.
You hit the adder.
The adder is almost dead.
The adder closely misses you. x2
You closely miss the adder.
The adder is almost dead.
The adder bites you but does no damage.
You closely miss the adder.
The adder is almost dead.
The adder bites you.
You miss the adder.
The adder is almost dead.
The adder bites you. The adder barely misses you.
You slash the adder!
You kill the adder!
You barely miss the worm. The worm bites you!
You are too injured to fight recklessly!
You are too injured to fight recklessly!
You barely miss the worm. You hit the worm.
The worm is lightly wounded.
The worm barely misses you.
You hit the worm.
The worm is moderately wounded.
The worm closely misses you.
You hit the worm but do no damage.
The worm is moderately wounded.
You slash the worm!
The worm is severely wounded.
The worm bites you!
You hit the worm.
The worm is severely wounded.
You hit the worm.
The worm is severely wounded.
The worm bites you!
* * * LOW HITPOINT WARNING * * *
You hit the worm.
You kill the worm!
Things that are here:
a worm corpse; an adder corpse You butcher the worm corpse.
f - 7 chunks of flesh {@w0} (gained 2)
You see here an adder corpse.
(D) Dungeon
Where to? (Enter - D:1, ? - help)
Things that are here:
a +0 club; a hobgoblin corpse
There is a stone staircase leading up here.
You climb upwards.
There is a stone staircase leading down here.
HP restored.
There is an open door here.
There is a staircase leading out of the dungeon here.
Are you sure you want to leave the Dungeon?
This will make you lose the game!
You have escaped!

# #...########## #
#............## #
#.#.##.#####..# #
#.#.##.######'##### #
#.#.##.##.........# #
#.#.##.##.........# #
#.......#..⌠...⌠..# #
###.###.#.........###
######.# #.'....@....+.#
.......# ###.........#.#
######## #..⌠...⌠..#.# #
#..[......#.# #
######.........#.# #
#....#####'#####.##### #
####.#####.##.##........#
#
#........#.##.##..#####.#
#
#..#.##..#........#####.#


There were no monsters in sight!

Vanquished Creatures
  3 adders (D:2)
  2 oozes
  A worm (D:2)
  3 leopard geckos (D:1)
  5 bats (D:1)
  2 giant cockroaches
  4 goblins (D:1)
  8 hobgoblins
  3 jackals (D:2)
  2 ball pythons
  3 frilled lizards (D:2)
  2 kobolds
  14 rats
52 creatures vanquished.

Notes
Turn   | Place    | Note
-------+----------+-------------------------------------------
     0 | D:1      | sankara the Hill Orc Monk began the quest for the Orb.
     0 | D:1      | Reached XP level 1. HP: 19/19 MP: 1/1
    89 | D:1      | Reached XP level 2. HP: 27/27 MP: 2/2
   285 | D:1      | Reached skill level 4 in Fighting
   554 | D:1      | Reached skill level 5 in Axes
   653 | D:1      | Reached XP level 3. HP: 33/33 MP: 3/3
  1077 | D:2      | Reached XP level 4. HP: 27/41 MP: 4/4
  1154 | D:2      | Found an opulent altar of Gozag.
  1157 | D:2      | Found an ornate altar of the Wu Jian Council.
  1157 | D:2      | Found a sacrificial altar of Ru.
  1157 | D:2      | Found a deep blue altar of Sif Muna.
  1177 | D:2      | Reached skill level 6 in Axes
  1194 | D:2      | Became a worshipper of Ru the Awakened
  1201 | D:2      | Gained mutation: You cannot be stealthy. [Ru sacrifice]
  1201 | D:2      | Reduced skill Stealth to level 0
  1292 | D:$      | Got out of the dungeon alive.

Skill      XL: |  1  2  3  4 |
---------------+-------------+-----
Fighting       | 4 |  4.6
Axes           | 5 6 |  6.2
Stealth        | 0 |  0.0
Dodging        | |  2.4

Action                   |  1- 3 |  4- 6 || total
-------------------------+-------+-------++-------
Melee: Hand axe          |   140 |    28 ||   168
Invok: Sacrifice Stealth |       |     1 ||     1
 Stab: Sleeping          |     5 |     1 ||     6
       Distracted        |     1 |       ||     1
  Eat: Chunk             |     1 |       ||     1
Armor: Robe              |    17 |     2 ||    19
Dodge: Dodged            |    96 |    16 ||   112

Levels and vault maps discovered:
D:1:      mushboom_english_gardens, layout_loops_cross, kennysheep_nondescript,
          minmay_split_cup_large
D:2:      layout_loops_ring, grunt_temple_overflow_open, uniq_robin,
          uniq_terence

Table legend:
 A = Turns spent in this place as a percentage of turns spent in the entire game.
 B = Non-inter-level travel turns spent in this place as a percentage of non-inter-level travel turns spent in the entire game.
 C = Inter-level travel turns spent in this place as a percentage of turns spent in this place.
 D = Turns resting spent in this place as a percentage of non-inter-level travel turns spent in this place.
 E = Turns spent auto-exploring this place as a percentage of non-inter-level travel turns spent in this place.
 F = Non-inter-level travel turns spent in this place divided by the number of levels of this place that you've seen.
                   A       B       C       D       E      F
               +-------+-------+-------+-------+-------+----------------------
         Total | 100.0 | 100.0 |   5.8 |  13.6 |  48.3 | 608.5
       Dungeon | 100.0 | 100.0 |   5.8 |  13.6 |  48.3 | 608.5
               +-------+-------+-------+-------+-------+----------------------

Table legend:
 A = Kills in this place as a percentage of kills in entire the game.
 B = Kills by you in this place as a percentage of kills by you in the entire game.
 C = Kills by friends in this place as a percentage of kills by friends in the entire game.
 D = Other kills in this place as a percentage of other kills in the entire game.
 E = Experience gained in this place as a percentage of experience gained in the entire game.
 F = Experience gained in this place divided by the number of levels of this place that you have seen.
                   A       B       C       D       E      F
               +-------+-------+-------+-------+-------+----------------------
         Total | 100.0 | 100.0 |   N/A |   N/A | 100.0 |  66.0
       Dungeon | 100.0 | 100.0 |   N/A |   N/A | 100.0 |  66.0
               +-------+-------+-------+-------+-------+----------------------
